 Dungeon Crawl Stone Soup version 0.27-a0-686-gaed091b46b (webtiles) character file.

Game seed: 7650186038684502332

18507 sahdkjhfkaj the Transmogrifier (level 12, 0/96 HPs)
             Began as a Pale Draconian Venom Mage on Mar 20, 2021.
             Was a High Priest of Fedhas.
             Slain by a seven-headed hydra (6 damage)
             ... on level 1 of the Lair of Beasts.
             The game lasted 00:15:48 (17338 turns).

sahdkjhfkaj the Transmogrifier (DrVM)              Turns: 17338, Time: 00:15:49

Health: 0/96       AC: 12    Str: 11    XL:     12   Next: 28%
Magic:  24/24      EV: 12    Int: 26    God:    Fedhas [*****.]
Gold:   1487       SH:  5    Dex: 12    Spells: 13/27 levels left

rFire    . . .     SeeInvis .   a - staff of poison
rCold    . . .     Faith    .   F - +0 buckler {reflect}
rNeg     . . .     Spirit   .   (armour unavailable)
rPois    +         Reflect  +   (helmet restricted)
rElec    .         Harm     +   o - scarf {harm}
rCorr    .         Rampage  .   (no gloves)
Will     .....                  (no boots)
Stlth    ++........             B - amulet of the acrobat
HPRegen  0.26/turn              k - +4 ring of protection
MPRegen  0.19/turn              l - +6 ring of intelligence

@: short of breath
A: breathe steam, AC +8, unfitting armour, cold-blooded, steam resistance
a: Breathe Steam, Renounce Religion, Wall of Briars, Grow Ballistomycete,
Overgrow, Grow Oklob


You were on level 1 of the Lair of Beasts.
You worshipped Fedhas.
Fedhas was extremely pleased with you.
You visited 2 branches of the dungeon, and saw 13 of its levels.

You collected 1487 gold pieces.

Inventory:

Armour
 o - a scarf of harm (worn)
 F - a +0 buckler of reflection (worn)
Magical Staves
 a - a staff of poison (weapon)
Jewellery
 k - a +4 ring of protection (right hand)
 l - a +6 ring of intelligence (left hand)
 B - an amulet of the acrobat (around neck)
 D - an amulet of guardian spirit
Wands
 t - a wand of flame (40)
 u - a wand of iceblast (19)
 x - a wand of digging (6)
 y - a wand of paralysis (9)
 A - a wand of random effects (36)
 I - a wand of polymorph (6)
 L - a wand of acid (7)
 M - a wand of charming (11)
Scrolls
 b - a scroll of holy word {unknown}
 c - 2 scrolls of vulnerability {unknown}
 d - 2 scrolls of teleportation
 e - 2 scrolls of noise {unknown}
 h - 7 scrolls of identify {unknown}
 i - 3 scrolls of torment
 m - 3 scrolls of magic mapping {unknown}
 q - 4 scrolls of enchant armour
 r - a scroll of random uselessness {unknown}
 s - a scroll of fog {unknown}
 E - a scroll of summoning {unknown}
 G - a scroll of immolation {unknown}
 H - a scroll of blinking {unknown}
 K - 2 scrolls of amnesia {unknown}
 N - a scroll of fear {unknown}
Potions
 f - 5 potions of degeneration {unknown}
 g - 2 potions of might {unknown}
 j - 8 potions of heal wounds
 n - a potion of brilliance {unknown}
 p - 5 potions of curing {unknown}
 v - a potion of ambrosia {unknown}
 w - 2 potions of flight {unknown}
 z - a potion of magic {unknown}
 C - 2 potions of haste {unknown}
 J - 2 potions of invisibility {unknown}
 O - a potion of berserk rage {unknown}


   Skills:
 - Level 6.0 Fighting
 - Level 3.0 Dodging
 - Level 1.7 Stealth
 - Level 4.0 Shields
 - Level 8.0 Spellcasting
 - Level 11.0 Transmutations
 - Level 4.0 Fire Magic
 + Level 10.3 Earth Magic
 - Level 6.2 Poison Magic
 - Level 5.0 Evocations


You had 13 spell levels left.
You knew the following spells:

 Your Spells              Type           Power      Damage    Failure   Level
a - Sting                 Tmut/Pois      100%       1d8       1%          1
c - Olgreb's Toxic Radia  Pois           59%        N/A       4%          4
A - Statue Form           Tmut/Erth      40%        N/A       11%         6
X - Ignite Poison         Fire/Tmut/Pois 63%        N/A       1%          3

Your spell library contained the following spells:

 Spells                   Type           Power      Damage    Failure   Level
 Passwall                 Tmut/Erth      50%        N/A       1%          2
 Wereblood                Tmut           61%        N/A       1%          2
 Poisonous Vapours        Pois/Air       78%        N/A       2%          2
 Alistair's Intoxication  Tmut/Pois      46%        N/A       4%          5
 Animate Skeleton         Necr           20%        N/A       5%          1
 Apportation              Tloc           20%        N/A       5%          1
 Corona                   Hex            11%        N/A       5%          1
 Magic Dart               Conj           40%        1d5       5%          1
 Summon Small Mammal      Summ           40%        N/A       5%          1
 Conjure Flame            Conj/Fire      20%        6-21      8%          3
 Mephitic Cloud           Conj/Pois/Air  31%        N/A       8%          3
 Blink                    Tloc           N/A        N/A       9%          2
 Call Imp                 Summ           10%        N/A       9%          2
 Slow                     Hex            10%        N/A       9%          2
 Lesser Beckoning         Tloc           5%         N/A       17%         3
 Tukima's Dance           Hex            10%        N/A       17%         3
 Summon Ice Beast         Ice/Summ       10%        N/A       50%         4
 Freezing Cloud           Conj/Ice/Air   5%         6-21      100%        6
 Invisibility             Hex            10%        N/A       100%        6


Dungeon Overview and Level Annotations

Branches:
Dungeon (11/15)            Temple (0/1) D:6            Lair (2/6) D:11
    Orc (0/2) D:9
  Swamp: Lair:2-4    Shoals: Lair:2-4     Snake: Lair:2-4    Spider: Lair:2-4

Altars:
Dithmenos
Fedhas
Hepliaklqana
Kikubaaqudgha
Ru
Sif Muna
Wu Jian
Xom

Shops:
D:4 =(:*   D:11 (

Annotations:
D:6 2 runed translucent doors, ShadowManNeo's ghost, novice DrAE
D:7 2 transporters


Innate Abilities, Weirdness & Mutations

You can breathe blasts of scalding, opaque steam.
Your pale cyan-grey scales are hard. (AC +8)
You cannot fit into any form of body armour.
You are cold-blooded and may be slowed by cold attacks.
You are immune to the effects of steam.


Message History

The seven-headed hydra misses you.
The seven-headed hydra barely misses you.
You block the seven-headed hydra's attack.
The seven-headed hydra bites you but does no damage.
You block the seven-headed hydra's attack.
The seven-headed hydra bites you.
You block the seven-headed hydra's attack.
You climb upwards.
There is a stone staircase leading down here.
Press: ? - help, Shift-Dir - straight line, f - seven-headed hydra
Aim: a seven-headed hydra You exhale a blast of scalding steam.
The ball of steam misses the seven-headed hydra.
The seven-headed hydra is engulfed in a cloud of scalding steam.
The seven-headed hydra bites you!
The seven-headed hydra barely misses you.
The seven-headed hydra bites you but does no damage.
The seven-headed hydra closely misses you.
The seven-headed hydra barely misses you.
The seven-headed hydra bites you but does no damage.
The seven-headed hydra bites you.
You hit the seven-headed hydra but do no damage.
You envenom the seven-headed hydra.
You tail-slap the seven-headed hydra.
The seven-headed hydra is moderately wounded.
The seven-headed hydra is engulfed in a cloud of scalding steam.
The seven-headed hydra bites you! x3
* * * LOW HITPOINT WARNING * * *
The seven-headed hydra bites you but does no damage. x2
The seven-headed hydra bites you!
* * * LOW HITPOINT WARNING * * *
You block the seven-headed hydra's attack.
The seven-headed hydra is engulfed in a cloud of scalding steam.
The seven-headed hydra bites you.
* * * LOW HITPOINT WARNING * * *
The seven-headed hydra barely misses you. x3
The seven-headed hydra bites you.
* * * LOW HITPOINT WARNING * * *
The seven-headed hydra bites you.
You die...
Fedhas appreciates your contribution to the ecosystem.

#.# ##.P..##...#..............
#.# #..####..####..#####.#.## #.#
#.####.....#.#.# ##..### #.#
##.#...........####...##.
#.######....###......##........
#.##..#..#.......#.#..###..[.#.
#.##....##.............#.......
###...........8...8...#..#.######
.#P.#...........@.....#..'.# #
....##....#..§8D..8.......## ###
....####...#.§.§.........## #..
.#### ##....§....##.#....# ##.
### #.......###....#### #. ..##
####.........##.# #. .(.#
##.#.....#.#### #. #.##
##..#.#+.###.# #. P..#
#..###....#..# #.


You could see a seven-headed hydra.

Vanquished Creatures
  A hydra (Lair:1)
  2 two-headed ogres
  2 unseen horrors
  Pikel (D:5)
  An ugly thing (D:11)
  Joseph (D:9)
  4 cane toads
  A gargoyle (D:11)
  Maggie (D:10)
  A komodo dragon (Lair:1)
  A polar bear (Lair:1)
  3 blink frogs (Lair:1)
  A wyvern (Lair:2)
  26 yaks
  A basilisk (Lair:1)
  Eustachio (D:5)
  A steam dragon (D:11)
  A soldier ant (D:11)
  An acid dragon (D:11)
  4 orc warriors
  5 water moccasins
  3 sky beasts
  A hornet zombie (D:8)
  2 black bears
  8 ogres
  A necrophage (D:9)
  4 wolves (Lair:1)
  8 centaurs
  Blork the orc (D:6)
  4 lemures (D:5)
  2 phantoms
  4 kobold brigands
  11 bullfrogs
  A wyvern zombie (D:10)
  A gnoll sergeant (D:9)
  A wyvern skeleton (D:11)
  9 scorpions
  9 wights
  3 howler monkeys
  2 electric eels (Lair:1)
  A centaur zombie (D:11)
  A quasit (D:9)
  3 bullfrog zombies
  4 hounds
  5 orc priests
  4 jellies
  A bullfrog skeleton (D:11)
  An iguana (D:8)
  Ijyb (D:5)
  5 hell rats (Lair:1)
  9 worker ants
  8 orc wizards
  A hound skeleton (D:4)
  A howler monkey zombie (D:5)
  A worker ant zombie (D:5)
  12 adders
  8 gnolls
  A shadow imp (D:8)
  4 white imps
  2 ufetubi
  An adder zombie (D:9)
  5 worms
  A dart slug (D:2)
  9 leopard geckos
  36 orcs
  A ball python (D:4)
  6 giant cockroaches
  6 hobgoblins
  4 jackals
  20 kobolds
  4 quokkas
  3 bats
  6 frilled lizards
  A giant cockroach zombie (D:6)
  3 goblins
  A jackal skeleton (D:4)
  A jackal zombie (D:8)
  A leopard gecko skeleton (D:7)
  A leopard gecko zombie (D:7)
  A quokka skeleton (D:6)
  2 rats
321 creatures vanquished.

Vanquished Creatures (others)
  12 fungi
  57 plants
69 creatures vanquished.

Grand Total: 390 creatures vanquished

Notes
Turn   | Place    | Note
-------+----------+-------------------------------------------
     0 | D:1      | sahdkjhfkaj the Draconian Venom Mage began the quest for
                  | the Orb.
     0 | D:1      | Reached XP level 1. HP: 14/14 MP: 3/3
   235 | D:1      | Reached skill level 1 in Fighting
   625 | D:1      | Reached XP level 2. HP: 23/23 MP: 0/5
  1231 | D:2      | Reached XP level 3. HP: 23/30 MP: 0/6
  1303 | D:2      | Learned a level 3 spell: Ignite Poison
  2121 | D:2      | Reached XP level 4. HP: 7/38 MP: 0/7
  2422 | D:2      | Learned a level 4 spell: Olgreb's Toxic Radiance
  2972 | D:3      | Found a faded altar of an unknown god.
  3248 | D:4      | Found Copp's Weapon Boutique.
  3254 | D:4      | Reached XP level 5. HP: 45/45 MP: 3/8
  3425 | D:4      | Found a blossoming altar of Fedhas.
  3425 | D:4      | Found a shimmering altar of Xom.
  3425 | D:4      | Noticed an ogre
  3429 | D:4      | Reached skill level 5 in Poison Magic
  3430 | D:4      | Reached XP level 6. HP: 49/51 MP: 0/9
  3557 | D:4      | Found Tehoc's Book Shop.
  3601 | D:4      | Became a worshipper of Fedhas Madash
  3663 | D:4      | Found Lupidy's Assorted Antiques.
  4065 | D:4      | Found Gujealog's Jewellery Shop.
  4140 | D:5      | Entered Level 5 of the Dungeon
  4173 | D:5      | Noticed a sky beast
  4193 | D:5      | Killed a sky beast
  4194 | D:5      | Reached skill level 1 in Fire Magic
  4194 | D:5      | Your scales start taking on a pale cyan-grey colour.
  4194 | D:5      | Reached XP level 7. HP: 41/57 MP: 6/10
  4194 | D:5      | Gained mutation: You are immune to the effects of steam.
                  | [Pale Draconian growth]
  4301 | D:5      | Reached skill level 2 in Transmutations
  4320 | D:5      | Found a sacrificial altar of Ru.
  4469 | D:5      | Noticed Eustachio
  4506 | D:5      | Killed Eustachio
  4507 | D:5      | Reached skill level 3 in Transmutations
  5008 | D:5      | Reached * piety under Fedhas
  5144 | D:5      | Noticed Ijyb
  5154 | D:5      | Killed Ijyb
  5155 | D:5      | Reached skill level 4 in Transmutations
  5403 | D:5      | Noticed Pikel
  5407 | D:5      | Killed Pikel
  5408 | D:5      | Reached skill level 5 in Spellcasting
  5408 | D:5      | Reached XP level 8. HP: 57/63 MP: 0/16
  5873 | D:6      | Noticed Blork the orc
  5879 | D:6      | Killed Blork the orc
  6125 | D:6      | Found an ancient bone altar of Kikubaaqudgha.
  6465 | D:6      | Reached XP level 9. HP: 67/69 MP: 11/20
  6709 | D:6      | Reached ** piety under Fedhas
  6734 | D:6      | Found a staircase to the Ecumenical Temple.
  6842 | D:6      | Identified the Almanac of the Snowflakes and Transmigration
  6953 | D:6      | Found a large runed translucent door.
  6955 | D:6      | Found a large runed translucent door.
  6958 | D:6      | Noticed ShadowManNeo's ghost (novice DrAE)
  7004 | D:6      | Learned a level 6 spell: Statue Form
  7571 | D:7      | Reached skill level 5 in Fighting
  7666 | D:7      | Found a transporter.
  7795 | D:7      | Found a transporter.
  8348 | D:8      | Reached skill level 1 in Earth Magic
  8739 | D:8      | Reached *** piety under Fedhas
  8754 | D:8      | Reached skill level 5 in Transmutations
  8920 | D:8      | Found a hazy altar of Hepliaklqana.
  9220 | D:7      | Identified 2 scrolls of acquirement
  9220 | D:7      | Acquired a +0 buckler of reflection
  9412 | D:7      | Acquired 800 gold pieces
  9461 | D:8      | Reached skill level 1 in Shields
  9890 | D:8      | Reached XP level 10. HP: 79/83 MP: 18/22
 10193 | D:9      | Noticed Joseph
 10597 | D:9      | Reached **** piety under Fedhas
 10978 | D:9      | Found a shadowy altar of Dithmenos.
 10979 | D:9      | Found a shimmering blue altar of Sif Muna.
 10979 | D:9      | Found an ornate altar of the Wu Jian Council.
 11014 | D:9      | Reached skill level 6 in Transmutations
 11161 | D:9      | Killed Joseph
 11461 | D:9      | Found a staircase to the Orcish Mines.
 11851 | D:10     | Entered Level 10 of the Dungeon
 11851 | D:10     | Noticed Maggie
 11857 | D:10     | Killed Maggie
 11867 | D:10     | Reached skill level 5 in Evocations
 12015 | D:10     | Killed an unseen horror
 12016 | D:10     | Reached skill level 5 in Earth Magic
 12074 | D:10     | Noticed a two-headed ogre
 12079 | D:10     | Killed a two-headed ogre
 12080 | D:10     | Reached skill level 7 in Transmutations
 12797 | D:11     | Found Mixkeas's Weapon Emporium.
 12868 | D:11     | Reached XP level 11. HP: 89/89 MP: 11/23
 12868 | D:11     | Reached ***** piety under Fedhas
 13108 | D:11     | Found a staircase to the Lair.
 13139 | D:11     | Noticed a white ugly thing
 13145 | D:11     | Killed a white ugly thing
 13146 | D:11     | Reached skill level 8 in Transmutations
 13481 | D:11     | Killed an unseen horror
 13618 | D:11     | Noticed a two-headed ogre
 13623 | D:11     | Killed a two-headed ogre
 14317 | D:11     | Reached skill level 9 in Transmutations
 14498 | Lair:1   | Entered Level 1 of the Lair of Beasts
 15177 | Lair:1   | Reached skill level 10 in Transmutations
 15405 | Lair:1   | Reached XP level 12. HP: 96/96 MP: 16/24
 16531 | Lair:2   | Reached skill level 11 in Transmutations
 16731 | Lair:2   | Reached skill level 10 in Earth Magic
 16975 | Lair:2   | Noticed a seven-headed hydra
 17001 | Lair:2   | Noticed a six-headed hydra
 17092 | Lair:1   | Killed a six-headed hydra
 17338 | Lair:1   | Slain by a seven-headed hydra

Illustrated notes

Levels and vault maps discovered:
D:1:      giann_horns, layout_basic, hangedman_abyss_or_decor_lesser_grid
D:2:      layout_loops_ring, minmay_tromino_v7
D:3:      layout_basic, chequers_ecumenical_altar_island
D:4:      layout_rooms, gammafunk_temple_overflow_pools, serial_shops,
          nicolae_shop_behind_doors, kennysheep_mini_moat,
          kennysheep_little_box, shop, chequers_serial_rivers_micro_e
D:5:      layout_basic, nicolae_ru_great_annihilating_truth, uniq_ijyb,
          uniq_pikel, uniq_eustachio
D:6:      layout_basic, minmay_temple_entry_nine_rooms,
          ebering_ghost_disaster_area, nicolae_ossuary_entry_plus,
          corexii_corridor_pit, amcnicky_altar_gilded, uniq_blork_the_orc
D:7:      layout_rooms, gammafunk_ghost_stat_death
D:8:      layout_loops_corners, marbit_many_paths
D:9:      layout_gridville, gammafunk_temple_overflow_claw, orc_0_dummy,
          uniq_joseph
D:10:     layout_stronghold, uniq_maggie
D:11:     layout_stronghold, lair_entry_dummy, serial_shops, shop_fountains,
          minivault_27
Lair:1:   layout_loops_ring, serial_bayou_lagoon_b, grunt_megastairs_2,
          lemuel_fruit_tree
Lair:2:   gammafunk_cloud_chamber, layout_long_grid,
          nicolae_spider_entry_tight_spaces, hangedman_lair_unloving_vines,
          chequers_serial_rivers_small_3, grunt_megastairs_1,
          infiniplex_staircase_pool_2, lemuel_fruit_fields, serial_bayou_shore_b

Skill      XL: |  1  2  3  4  5  6  7  8  9 10 11 12 |
---------------+-------------------------------------+-----
Fighting       | 1 2 3 6 |  6.0
Dodging        | 2 3 |  3.0
Poison Magic   | 5 6 |  6.2
Fire Magic     | 1 4 |  4.0
Transmutations | 4 5 7 10 11 | 11.0
Spellcasting   | 5 7 8 |  8.0
Earth Magic    | 3 6 9 10 | 10.3
Shields        | 2 4 |  4.0
Evocations     | 5 |  5.0
Stealth        | |  1.7

Action                   |  1- 3 |  4- 6 |  7- 9 | 10-12 || total
-------------------------+-------+-------+-------+-------++-------
Melee: Unarmed           |    23 |    11 |       |       ||    34
       Tailslap          |     2 |     3 |    10 |     6 ||    21
       Staff             |       |    15 |    72 |    60 ||   147
 Cast: Sting             |    67 |    64 |   101 |   145 ||   377
       Olgreb's Toxic Ra |       |     3 |    33 |    48 ||    84
       Ignite Poison     |       |       |    22 |    60 ||    82
 Abil: Breathe Steam     |       |       |    16 |    19 ||    35
Evoke: Wand              |       |       |       |     1 ||     1
  Use: Scroll            |       |       |     5 |     1 ||     6
       Potion            |       |       |       |     2 ||     2
 Stab: Sleeping          |       |       |     1 |       ||     1
Armor: Skin              |    14 |    18 |    88 |    76 ||   196
Dodge: Dodged            |    61 |    35 |   146 |   169 ||   411
Block: Buckler           |       |       |     3 |    53 ||    56
       Reflection        |       |       |       |     2 ||     2

Table legend: (Time is in decaauts)
 A = Elapsed time spent in this place.
 B = Non-inter-level travel time spent in this place.
 C = Inter-level travel time spent in this place.
 D = Time resting spent in this place.
 E = Time spent auto-exploring this place.
 F = Levels seen in this place.
 G = Mean time per level.
                   A        B        C        D        E       F      G
               +--------+--------+--------+--------+--------+-----+--------+
         Total |  17406 |  16919 |    487 |    402 |  14486 |  13 | 1338.9 |
       Dungeon |  14780 |  14357 |    423 |    402 |  12269 |  11 | 1343.6 |
          Lair |   2625 |   2562 |     63 |      0 |   2217 |   2 | 1312.5 |
               +--------+--------+--------+--------+--------+-----+--------+

Top non-repeatable levels by time:
  Lair:1: 2109 daAuts
    D:11: 2000 daAuts
     D:8: 1981 daAuts
     D:9: 1671 daAuts
     D:6: 1656 daAuts
     D:5: 1600 daAuts
     D:2: 1495 daAuts
     D:1: 936 daAuts
     D:4: 923 daAuts
    D:10: 903 daAuts
     D:7: 823 daAuts
     D:3: 787 daAuts
  Lair:2: 516 daAuts
